Map: Port Aleksander LE

Players

Piroxiljin - Winner!

  • Race: Terran Terran
  • Spawn Location: 5:00

VOD

Have the link to the VOD?

Description

Time

  • Played on: Jan. 30, 2019, 10:46 a.m.
  • Length: 32:32
Show
View Real Time Build Order
Export as new Build Order

Piroxiljin Terran - Winner!

Build Orders:  

Get SALT Encoding   

  12  0:02  SCV  
  13  0:20  SCV  
  14  0:30  Supply Depot  
  14  0:37  SCV  
  15  0:55  Refinery  
  15  1:00  SCV  
  16  1:11  Barracks  
  16  1:17  SCV  
  17  1:34  SCV  
  18  1:51  SCV  
  19  2:07  Supply Depot  
  19  2:08  SCV  
  20  2:24  Barracks Reactor  
  20  2:28  SCV  
  21  2:53  Factory  
  21  2:57  Orbital Command  
  21  3:03  Refinery  
  21  3:19  Marine x2  
  22  3:37  SCV  
  23  4:06  Barracks  
  23  4:09  SCV, Barracks Tech Lab  
  24  4:22  Hellion  
  24  4:23  Hellion  
  24  4:26  SCV  
  29  4:42  SCV  
  29  4:44  Supply Depot  
  29  4:49  Supply Depot  
  30  4:50  Supply Depot  
  30  4:52  Concussive Shells  
  30  5:12  Widow Mine x2  
  30  5:14  Marauder  
  36  5:31  Barracks Tech Lab  
  36  5:43  Factory  
  36  5:45  SCV  
  37  6:02  SCV  
  37  6:06  Marauder  
  37  6:09  Unknown  
  40  6:14  Marauder  
  42  6:32  Hellion x2  
  42  6:36  SCV  
  47  6:44  Marine  
  44  6:53  SCV  
  45  7:09  Marine  
  46  7:12  Marauder  
  48  7:33  Marauder  
  50  7:42  SCV  
  51  7:55  Command Center  
  51  7:59  SCV  
  47  8:13  Hellion x2  
  47  8:16  SCV  
  47  8:19  Marauder  
  54  8:41  Barracks Tech Lab  
  54  8:46  Factory  
  54  8:51  Supply Depot  
  54  8:59  Supply Depot  
  54  9:02  Supply Depot  
  54  9:07  Supply Depot  
  54  9:21  Marauder, Hellion  
  54  9:23  Cyclone  
  61  10:07  Engineering Bay  
  61  10:08  Siege Tank  
  64  10:17  Barracks Tech Lab  
  64  10:23  Armory  
  64  10:25  Orbital Command  
  64  10:30  SCV  
  65  10:46  SCV, Supply Depot  
  65  10:48  Supply Depot  
  66  10:56  Cyclone  
  69  11:03  SCV  
  70  11:17  SCV  
  71  11:20  SCV  
  71  11:29  Armory  
  72  11:34  SCV  
  72  11:37  SCV  
  74  11:41  Unknown  
  74  11:51  SCV  
  74  11:54  SCV, Missile Turret  
  76  12:02  Terran Vehicle Weapons Level 1  
  76  12:05  Terran Infantry Weapons Level 1  
  76  12:08  SCV, Cyclone  
  76  12:09  Starport  
  80  12:16  Widow Mine  
  80  12:17  Widow Mine x2  
  86  12:36  Siege Tank  
  82  12:46  Widow Mine  
  82  12:47  Widow Mine x2  
  82  12:53  Siege Tank  
  82  12:54  SCV  
  85  13:11  SCV  
  85  13:12  Marauder  
  85  13:13  Marauder  
  90  13:27  Siege Tank  
  93  13:35  Medivac  
  95  13:42  Marine  
  95  13:43  Starport, Marine  
  97  13:56  SCV, Refinery  
  97  13:59  Refinery  
  98  14:13  SCV  
  99  14:30  SCV  
  102  14:47  SCV  
  103  15:09  Medivac  
  103  15:17  Terran Vehicle And Ship Armor Level 1  
  103  15:19  Terran Ship Weapons Level 1  
  103  15:22  Barracks Tech Lab  
  103  15:23  Terran Infantry Armor Level 1  
  103  15:30  Drilling Claws  
  103  15:34  SCV  
  103  15:36  SCV  
  105  15:53  SCV  
  106  16:09  Command Center  
  106  16:10  SCV  
  107  16:27  SCV  
  108  16:38  Missile Turret  
  108  16:50  Cyclone x2  
  108  16:56  Starport Tech Lab  
  114  17:03  Viking  
  110  17:34  Siege Tank  
  110  17:35  Siege Tank  
  116  17:45  Viking  
  118  17:57  Siege Tank x2  
  118  18:18  SCV  
  118  18:19  Cyclone  
  122  18:20  Cyclone  
  125  18:35  SCV  
  126  18:51  SCV  
  127  19:04  Siege Tank  
  127  19:05  Siege Tank  
  133  19:29  Supply Depot  
  133  19:31  Supply Depot  
  133  19:39  Refinery  
  133  19:41  Refinery  
  133  19:45  Supply Depot  
  133  19:48  Supply Depot  
  133  19:50  Supply Depot  
  133  19:59  SCV  
  134  20:16  SCV  
  135  20:33  SCV  
  136  20:44  Siege Tank x3  
  133  20:50  SCV  
  118  21:34  Siege Tank x2  
  122  21:40  Raven  
  122  21:44  Viking  
  126  22:19  Cyclone x2  
  132  22:26  Viking  
  134  22:32  SCV  
  135  22:40  Viking  
  135  22:41  SCV  
  135  22:44  Siege Tank x4  
  135  22:49  SCV  
  133  22:58  SCV  
  131  23:04  Cyclone, Thor  
  131  23:06  SCV  
  131  23:08  Raven  
  140  23:14  Missile Turret  
  140  23:15  SCV  
  140  23:16  Missile Turret  
  138  23:23  SCV  
  139  23:40  SCV  
  139  23:48  Thor  
  146  23:54  Unknown  
  146  24:09  Command Center  
  144  24:55  Missile Turret  
  144  25:01  Missile Turret  
  141  25:11  Missile Turret  
  141  25:26  Marine  
  141  25:27  Marine  
  141  25:29  Cyclone  
  146  25:30  Cyclone, Missile Turret  
  146  25:38  Siege Tank x6  
  149  25:51  Marine  
  149  25:52  Marine  
  149  25:54  Orbital Command  
  149  25:58  Planetary Fortress  
  151  26:11  Refinery  
  151  26:14  Siege Tank  
  151  26:15  Siege Tank  
  151  26:16  Marine  
  158  27:00  Thor  
  158  27:04  Unknown  
  160  27:29  Siege Tank  
  160  27:53  Terran Infantry Armor Level 2  
  160  27:57  Corvid Reactor  
  160  27:59  Thor  
  160  28:01  Terran Ship Weapons Level 2  
  166  28:14  Thor  
  166  28:15  Fusion Core  
  172  28:25  Viking x2  
  176  28:33  Refinery  
  176  28:34  Terran Vehicle Weapons Level 2  
  176  28:56  SCV, Siege Tank x4  
  177  29:07  Viking x2  
  181  29:13  SCV, Missile Turret  
  181  29:14  Missile Turret  
  178  29:30  SCV  
  183  29:43  Missile Turret  
  183  29:46  SCV  
  183  29:49  Viking  
  186  29:50  Missile Turret  
  186  30:03  SCV  
  187  30:20  SCV  
  187  30:24  Missile Turret  
  187  30:26  Missile Turret  
  187  30:37  SCV  
  180  31:07  Missile Turret  
  180  31:08  Missile Turret  
Tags
 
Add a new tag
Caveats
  • Supply blocks, unpowered buildings, or Contaminate may cause inaccurate times.
  • Supply counts are checked every 10 seconds.